 Dungeon Crawl Stone Soup version 0.29.0-7-g18a832c13a (webtiles) character file.

Game seed: 13465595127921248761

2916 hilljack the Frost Mage (level 9, -8/46 HPs)
             Began as a Gargoyle Ice Elementalist on Aug 31, 2022.
             Mangled by a gnoll
             ... wielding a +1 spear of distortion
              (23 damage)
             ... on level 7 of the Dungeon.
             The game lasted 00:26:42 (7064 turns).

hilljack the Frost Mage (Gargoyle Ice Elementalist) Turns: 7064, Time: 00:26:42

Health: -8/46      AC: 21    Str: 22    XL:     9   Next: 78%
Magic:  13/19      EV: 31    Int: 20    God:
Gold:   323        SH:  7    Dex: 19    Spells: 15/22 levels left

rFire   + . .      SeeInvis .   a - +3 sling "Xeolasch" {speed, rElec rF+ rC-}
rCold   . . .      Faith    .   D - +1 buckler {rC+}
rNeg    + . .      Spirit   .   m - +0 robe
rPois   ∞          Reflect  .   j - +0 helmet of Disaster {Will+ Dex+4}
rElec   +          Harm     .   (no cloak)
rCorr   .          Rampage  .   d - +0 pair of gloves
Will    +....                   q - +1 pair of boots of a Gauntlet {*Slow Str+4 Dex+5}
Stlth   +++.......              p - amulet of the acrobat
HPRegen 0.15/turn               g - +4 ring of evasion
MPRegen 0.16/turn               k - +6 ring of strength

@: ice-armoured, acrobatic, freezing walls
A: sickness immunity, AC +6, negative energy resistance 1, electricity
resistance, torment resistance 1, petrification resistance
a: no special abilities


You were on level 7 of the Dungeon.
You visited 1 branch of the dungeon, and saw 7 of its levels.

You collected 323 gold pieces.

Inventory:

Hand Weapons
 a - the +3 sling "Xeolasch" (weapon) {speed, rElec rF+ rC-}
   (You found it on level 2 of the Dungeon)

   Attacks with this weapon are significantly faster.
   rF:        It protects you from fire.
   rC:        It makes you vulnerable to cold.
   rElec:     It insulates you from electricity.
 z - a +3 dagger of holy wrath
Missiles
 n - 51 stones
Armour
 d - a +0 pair of gloves (worn)
 j - the +0 helmet of Disaster (worn) {Will+ Dex+4}
   (You found it on level 5 of the Dungeon)

   Dex:       It affects your dexterity (+4).
   Will:      It increases your willpower.
 m - a +0 robe (worn)
 q - the +1 pair of boots of a Gauntlet (worn) {*Slow Str+4 Dex+5}
   (You found it on level 2 of the Dungeon)

   Str:       It affects your strength (+4).
   Dex:       It affects your dexterity (+5).
   *Slow:     It may slow you when you take damage.
 D - a +1 buckler of cold resistance (worn)
Jewellery
 g - a +4 ring of evasion (left hand)
 k - a +6 ring of strength (right hand)
 p - an amulet of the acrobat (around neck)
 t - a ring of resist corrosion
 x - a +4 ring of evasion
 B - a ring of magical power
Wands
 r - a wand of polymorph (9)
 y - a wand of flame (15)
Scrolls
 c - 3 scrolls of teleportation
 f - 2 scrolls of poison
 i - a scroll of enchant weapon
 l - a scroll of fog
 v - a scroll of immolation
 w - a scroll of enchant armour
 E - a scroll of identify
Potions
 b - a potion of magic
 e - 2 potions of attraction {unknown}
 h - 2 potions of might
 o - a potion of mutation
 s - 4 potions of curing
 u - a potion of lignification {unknown}
 A - a potion of heal wounds {unknown}
 C - a potion of haste {unknown}


   Skills:
 + Level 0.4 Fighting
 - Level 5.0 Ranged Weapons
 + Level 1.1 Armour
 - Level 2.1 Dodging
 - Level 3.1 Stealth
 - Level 5.0 Shields
 - Level 7.0 Spellcasting
 - Level 9.0 Ice Magic


You had 15 spell levels left.
You knew the following spells:

 Your Spells              Type           Power      Damage    Failure   Level
a - Freeze                Ice            100%       1d11      1%          1
b - Frozen Ramparts       Ice            86%        1d13      1%          3
c - Ozocubu's Armour      Ice            43%        N/A       1%          3

Your spell library contained the following spells:

 Spells                   Type           Power      Damage    Failure   Level
 Hailstorm                Conj/Ice       25%        3d7       19%         4
 Conjure Flame            Conj/Fire      7%         6-21      34%         3
 Summon Guardian Golem    Hex/Summ       7%         N/A       34%         3
 Flame Wave               Conj/Fire      7%         2d5       75%         4
 Summon Forest            Summ/Tloc      3%         N/A       97%         5
 Summon Mana Viper        Hex/Summ       7%         N/A       97%         5
 Iron Shot                Conj/Erth      3%         9d2       100%        6
 Summon Cactus Giant      Summ           3%         N/A       100%        6
 Orb of Destruction       Conj           3%         9d5       100%        7
 Spellforged Servitor     Conj/Summ      3%         N/A       100%        7


Dungeon Overview and Level Annotations

Branches:
Dungeon (7/15)
 Temple: D:4-7

Altars:
Hepliaklqana
Vehumet
Yredelemnul


Innate Abilities, Weirdness & Mutations

You are immune to sickness and miasma.
Your stone body is resilient. (AC +6)
You are immune to poison.
You resist negative energy. (rN+)
You are resistant to electric shocks. (rElec)
You are resistant to unholy torment.
You are immune to petrification.


Message History

A gnoll comes into view.
It is wielding a +1 spear of distortion.
You shoot a sling bullet. The gnoll shouts!
The sling bullet hits the gnoll!
The gnoll is severely wounded.
A gnoll comes into view. It is wielding a +0 whip.
You shoot a sling bullet.
The sling bullet closely misses the gnoll.
The gnoll shouts!
You shoot a sling bullet. The sling bullet hits the gnoll!
You kill the gnoll!
A gnoll comes into view. It is wielding a +0 spear.
Your Armour skill increases to level 1!
You shoot a sling bullet.
The sling bullet barely misses the gnoll.
A centaur zombie comes into view.
The gnoll misses you. The gnoll closely misses you.
The gnoll hits you from afar with a +0 spear.
The gnoll misses you.
Casting: Frozen Ramparts (safe; 1% risk of failure)
Confirm with . or Enter, or press ? or * to list all spells.
Casting: Frozen Ramparts (safe; 1% risk of failure)
Press: ? - help, Dir - look around, f - activate The walls around you are covered in ice.
The wall freezes the gnoll!
The gnoll hits you from afar with a +0 spear.
The wall freezes the gnoll.
The gnoll closely misses you.
The gnoll hits you from afar with a +1 spear of distortion.
Space warps horribly around you!
Casting: Frozen Ramparts (safe; 1% risk of failure)
Confirm with . or Enter, or press ? or * to list all spells.
A film of ice covers your body!
The wall freezes the gnoll!
You kill the gnoll!
You block the gnoll's attack.
The wall freezes the gnoll!
You kill the gnoll!
The gnoll hits you from afar with a +1 spear of distortion.
Space warps horribly around you!!
Ouch! That really hurt!
You die...

.........'........#
.......).#........#
..##....##.......##
..##.>.<##.......##
..##....##........#
..##....##........#
.).......+.....g..#
P...P....#....Z)..#
~~~~P...##)...##@##
.~~~~...##..Z.####
~~~~.....#....
~..~.....#....
....P....#..
..####..## .. #..#
. .... ....


You could see a gnoll and a centaur zombie.

Vanquished Creatures
  An unseen horror zombie (D:7)
  A steam dragon (D:6)
  3 ice beasts
  2 black bears
  A centaur (D:6)
  4 ogres
  3 bullfrogs
  A kobold brigand (D:5)
  A gnoll sergeant (D:6)
  3 necrophages
  3 scorpions
  6 wights
  2 howler monkeys
  A bullfrog zombie (D:7)
  A hound (D:5)
  A jelly (D:5)
  2 orc priests (D:5)
  An iguana (D:6)
  3 orc wizards
  A howler monkey zombie (D:7)
  Robin (D:3)
  12 gnolls
  5 adders
  A white imp (D:5)
  An ufetubus (D:6)
  3 worms
  2 dart slugs
  11 orcs
  7 ball pythons
  5 bats
  11 endoplasms
  5 giant cockroaches
  18 goblins
  12 hobgoblins
  2 quokkas
  4 frilled lizards
  9 kobolds
  6 rats
156 creatures vanquished.

Vanquished Creatures (collateral kills)
  A shadow imp (D:6)
1 creature vanquished.

Vanquished Creatures (others)
  6 plants
  3 withered plants (D:7)
9 creatures vanquished.

Grand Total: 166 creatures vanquished

Notes
Turn   | Place    | Note
-------+----------+-------------------------------------------
     0 | D:1      | hilljack the Gargoyle Ice Elementalist began the quest for
                  | the Orb.
     0 | D:1      | Reached XP level 1. HP: 10/10 MP: 3/3
   279 | D:1      | Reached XP level 2. HP: 12/15 MP: 1/5
   954 | D:1      | Reached XP level 3. HP: 19/19 MP: 4/6
  1042 | D:1      | Learned a level 3 spell: Frozen Ramparts
  1653 | D:2      | Identified the +3 sling "Xeolasch" {speed, rElec rF+ rC-}
  2036 | D:2      | Identified the +1 pair of boots of a Gauntlet {*Slow Str+4
                  | Dex+5}
  2204 | D:2      | Learned a level 3 spell: Ozocubu's Armour
  2322 | D:2      | Reached XP level 4. HP: 22/24 MP: 7/7
  2445 | D:2      | Reached skill level 1 in Shields
  2596 | D:2      | Reached XP level 5. HP: 28/28 MP: 8/8
  2820 | D:3      | Noticed Robin
  3033 | D:3      | Killed Robin
  3371 | D:3      | Reached XP level 6. HP: 23/32 MP: 5/9
  3656 | D:4      | Reached skill level 5 in Shields
  3764 | D:4      | Noticed a black bear
  4027 | D:3      | Found a faded altar of an unknown god.
  4121 | D:3      | Found a hazy altar of Hepliaklqana.
  4121 | D:3      | Found a basalt altar of Yredelemnul.
  4377 | D:4      | Killed a black bear
  4378 | D:4      | Reached skill level 1 in Ranged Weapons
  4547 | D:4      | Reached skill level 5 in Ice Magic
  4547 | D:4      | Reached XP level 7. HP: 36/36 MP: 10/12
  4788 | D:5      | Entered Level 5 of the Dungeon
  4805 | D:5      | Identified the +0 helmet of Disaster {Will+ Dex+4}
  4894 | D:5      | Found a radiant altar of Vehumet.
  4997 | D:5      | You fall into a shaft and drop 1 floor!
  5098 | D:5      | Reached XP level 8. HP: 41/41 MP: 14/14
  5407 | D:5      | Reached skill level 6 in Ice Magic
  5650 | D:5      | Reached skill level 5 in Spellcasting
  5938 | D:6      | Reached skill level 5 in Ranged Weapons
  5944 | D:6      | Reached skill level 7 in Ice Magic
  5995 | D:6      | Got the Compendium of the Pyre and the Mountains
  6010 | D:6      | Reached XP level 9. HP: 45/45 MP: 17/17
  6352 | D:6      | Reached skill level 8 in Ice Magic
  7043 | D:7      | Reached skill level 9 in Ice Magic
  7056 | D:7      | Reached skill level 1 in Armour
  7064 | D:7      | Mangled by a gnoll

Illustrated notes

Levels and vault maps discovered:
D:1:      roderic_crop_circles_arrival_small, layout_basic, serial_forest,
          infiniplex_forest_end_1, infiniplex_forest_clump_double,
          infiniplex_forest_lined_ring, infiniplex_forest_lined_room_2,
          minmay_tetromino_s2
D:2:      layout_loops_ring
D:3:      layout_rooms, nicolae_overflow_two_pavilions,
          hellmonk_ecumenical_altar_heavens_door, kennysheep_nub, uniq_robin
D:4:      layout_basic
D:5:      layout_cave_pools, lemuel_crystal_altar, chequers_serial_rivers_room_a
D:6:      layout_rooms
D:7:      layout_gridville, minmay_temple_entry_statues_fountains,
          serial_undead, serial_undead_e, serial_undead_e, serial_undead_f,
          serial_undead_f, serial_undead_d, serial_undead_f,
          nicolae_grassy_gnolls

Skill      XL: |  1  2  3  4  5  6  7  8  9 |
---------------+----------------------------+-----
Dodging        | 2 |  2.1
Stealth        | 3 |  3.1
Shields        | 2 4 5 |  5.0
Ranged Weapons | 1 3 5 |  5.0
Spellcasting   | 3 4 5 7 |  7.0
Ice Magic      | 5 7 9 |  9.0
Armour         | 1 |  1.1
Fighting       | |  0.4

Action                   |  1- 3 |  4- 6 |  7- 9 || total
-------------------------+-------+-------+-------++-------
Melee: Short sword       |    66 |    88 |       ||   154
       Punch             |     2 |       |       ||     2
 Fire: Sling             |       |    74 |   317 ||   391
 Cast: Freeze            |    41 |       |    10 ||    51
       Frozen Ramparts   |       |    15 |     9 ||    24
       Ozocubu's Armour  |       |     1 |    10 ||    11
  Use: Scroll            |     1 |     9 |     4 ||    14
 Stab: Sleeping          |     6 |     1 |       ||     7
Armor: Robe              |    18 |    35 |    62 ||   115
Dodge: Dodged            |    68 |    92 |   174 ||   334
Block: Buckler           |       |    32 |    68 ||   100
